 Dungeon Crawl Stone Soup version 0.30.0-19-g36f170ea60 (webtiles) character file.

Game seed: 15590158632611690082

61 bmack86 the Chopper (level 3, -4/31 HPs)
             Began as a Minotaur Fighter on May 28, 2023.
             Slain by a gnoll
             ... wielding a +0 flail
              (7 damage)
             ... on level 2 of the Dungeon.
             The game lasted 00:01:48 (1081 turns).

bmack86 the Chopper (Minotaur Fighter)              Turns: 1081, Time: 00:01:49

Health: -4/31      AC:  6    Str: 22    XL:     3   Next: 83%
Magic:  2/2        EV:  9    Int:  5    God:
Gold:   68         SH:  4    Dex:  9    Spells: 2/2 levels left

rFire   . . .        a - +0 war axe
rCold   . . .        c - +0 buckler
rNeg    . . .        b - +0 scale mail
rPois   .            (helmet restricted)
rElec   .            (no cloak)
rCorr   .            (no gloves)
SInv    .            (no boots)
Will    .....        (no amulet) Stlth
                     (no ring)
HPRegen 0.25/turn    (no ring)
MPRegen 0.08/turn

%: no passive effects
@: no status effects
A: horns 2, retaliatory headbutt
a: no special abilities


You were on level 2 of the Dungeon.
You visited 1 branch of the dungeon, and saw 2 of its levels.

You collected 68 gold pieces.

Inventory:

Hand Weapons
 a - a +0 war axe (weapon)
Armour
 b - a +0 scale mail (worn)
 c - a +0 buckler (worn)
Scrolls
 e - a scroll of enchant armour {unknown}
 i - 3 scrolls of identify {unknown}
 k - a scroll of vulnerability {unknown}
 l - a scroll of blinking {unknown}
 m - a scroll of fog {unknown}
Potions
 d - a potion of might
 f - a potion of berserk rage {unknown}
 g - a potion of curing {unknown}
 h - a potion of cancellation {unknown}
 j - a potion of brilliance {unknown}


   Skills:
 - Level 3.6 Fighting
 + Level 5.1 Axes
 - Level 3.6 Armour
 - Level 3.6 Shields


You had 2 spell levels left.
You didn't know any spells.
Your spell library was empty.

Dungeon Overview and Level Annotations

Branches:
Dungeon (2/15)

Altars:


Innate Abilities, Weirdness & Mutations

You have a pair of horns on your head.
You reflexively headbutt those who attack you in melee.


Message History

You kill the goblin!
You slash the gnoll! You closely miss the gnoll.
The gnoll hits you with a +0 club. You block the gnoll's attack.
You hit the gnoll but do no damage.
You headbutt the gnoll, but do no damage.
You hit the gnoll. x2; You slash the gnoll!
You kill the gnoll!
The gnoll barely misses you. You block the gnoll's attack.
The gnoll barely misses you.
You completely miss the gnoll. You headbutt the gnoll!
The gnoll is almost dead.
You slash the gnoll!
You kill the gnoll!
You hit the endoplasm. You hit the gnoll. You block the gnoll's attack.
You block the endoplasm's attack. The gnoll barely misses you.
The gnoll hits you with a +0 flail. The endoplasm freezes you.
You are frozen.
The gnoll closely misses you. The gnoll closely misses you.
The endoplasm freezes you.
You are frozen.
You see here a +0 flail.
You hit the endoplasm but do no damage. Your headbutt misses the endoplasm.
The endoplasm is moderately wounded.
You hit the gnoll.
You kill the gnoll!
You closely miss the gnoll. The gnoll hits you with a +0 flail!
The endoplasm misses you. You furiously retaliate!
You headbutt the endoplasm!
You kill the endoplasm!
Your Axes skill increases to level 5!
The gnoll barely misses you.
You see here a +0 club.
The gnoll hits you with a +0 flail.
Things that are here:
a +0 club; a +0 dagger; a gnoll corpse Unknown command.
The gnoll hits you with a +0 flail!
* * * LOW HITPOINT WARNING * * *
The gnoll hits you with a +0 flail!
You die...

.......#.....##....# #
.......#.##..##....#
.#
########.##..##....#
.# #.###.##....#..#
#.###.##....#..#
###.#...##.#.....# #
#.....))#####.#.##.###
#.....)g......<.......
#......@#####.#.##...
#....................
#......######...##...
#......# #...####
#......# ###....#
######## #.##.# #)##.#
#.##. #.##.


You could see a gnoll.

Vanquished Creatures
  3 gnolls (D:2)
  3 ball pythons
  4 endoplasms
  3 giant cockroaches
  3 jackals (D:2)
  4 quokkas
  3 bats
  4 goblins
  2 kobolds
  A rat (D:1)
30 creatures vanquished.

Notes
Turn   | Place    | Note
-------+----------+-------------------------------------------
     0 | D:1      | bmack86 the Minotaur Fighter began the quest for the Orb.
     0 | D:1      | Reached XP level 1. HP: 19/19 MP: 0/0
   234 | D:1      | Reached skill level 3 in Axes
   270 | D:1      | Reached XP level 2. HP: 20/26 MP: 1/1
   900 | D:2      | Found a faded altar of an unknown god.
   947 | D:2      | Reached skill level 4 in Axes
  1024 | D:2      | Reached XP level 3. HP: 30/31 MP: 2/2
  1078 | D:2      | Reached skill level 5 in Axes
  1081 | D:2      | Slain by a gnoll

Illustrated notes

Levels and vault maps discovered:
D:1:      dpeg_arrival_signposts, layout_basic
D:2:      layout_basic, nicolae_ecumenical_pavilion

Skill      XL: |  1  2  3 |
---------------+----------+-----
Axes           | 3 4 5 |  5.1
Fighting       | |  3.6
Armour         | |  3.6
Shields        | |  3.6

Action                     || total
---------------------------++-------
  Melee: War axe           ||    52
         Headbutt          ||     6
 Armour: Scale mail        ||    32
  Dodge: Dodged            ||    33
  Block: Buckler           ||    18
